 Dungeon Crawl Stone Soup version 0.13-a0-2484-gc765b08 (console) character file.

280 Kellhus the Ruinous (level 4, 0/22 HPs)
             Began as a Gargoyle Wizard on July 20, 2013.
             Was an Initiate of Vehumet.
             Slain by Rycklaryybbe's ghost (10 damage)
             ... on Level 3 of the Dungeon.
             The game lasted 00:03:21 (2718 turns).

Kellhus the Ruinous (Gargoyle Wizard)               Turns: 2718, Time: 00:03:21

HP   0/22        AC  8     Str 10      XL: 4   Next: 22%
MP   0/11        EV 11     Int 20      God: Vehumet [......]
Gold 210         SH  0     Dex  8      Spells:  1 memorised,  8 levels left

Res.Fire  : . . .   See Invis. : .   (no weapon)
Res.Cold  : . . .   Warding    : .   a - +0 robe
Life Prot.: + . .   Conserve   : .   (no shield)
Res.Poison: +       Res.Corr.  : .   b - +0 wizard hat
Res.Elec. : +       Clarity    : .   (no cloak)
Sust.Abil.: . .     Spirit.Shd : .   (no gloves)
Res.Mut.  : .       Stasis     : .   (no boots)
Res.Rott. : +       Flight     : .   (no amulet)
Saprovore : . . .                    (no ring)
                                     (no ring)

@: slightly resistant to hostile enchantments, unstealthy
A: fangs 1, talons 2, life protection 1, electricity resistance, slow metabolism
1, unbreathing, petrification resistance, AC +6
a: Renounce Religion


You were on level 3 of the Dungeon.
You worshipped Vehumet.
Vehumet was noncommittal.
You were hungry.

You visited 1 branch of the dungeon, and saw 3 of its levels.

You collected 190 gold pieces.

Inventory:

Armour
 a - a +0 robe (worn)
 b - a +0 wizard hat (worn)
Comestibles
 d - 3 bread rations
 g - 14 grapes
 o - a rambutan
Scrolls
 f - 2 scrolls of fear {unknown}
 h - a scroll of teleportation {unknown}
 i - a scroll of curse jewellery {unknown}
 j - a scroll of blinking {unknown}
 k - a scroll of amnesia {unknown}
 l - a scroll of enchant weapon II {unknown}
 m - a scroll of enchant weapon I {unknown}
 n - 2 scrolls of identify {unknown}
Potions
 e - 7 potions of curing {unknown}
Books
 c - a book of Minor Magic

   Spells                             Type                      Level
   *Magic Dart                        Conjuration                  1
   Blink                              Translocation                2
   Call Imp                           Summoning                    2
   Repel Missiles                     Charms/Air                   2
   Slow                               Hexes                        2
   Conjure Flame                      Conjuration/Fire             3
   Mephitic Cloud                     Conjuration/Poison/Air       3


   Skills:
 - Level 1.5 Dodging
 - Level 2.1 Stealth
 - Level 3.0 Spellcasting
 + Level 4.3 Conjurations
   Level 0.8 Summonings
   Level 0.8 Translocations


You had 8 spell levels left.
You knew the following spells:

 Your Spells              Type           Power        Failure   Level  Hunger
a - Magic Dart            Conj           ###.         2%          1    None


Dungeon Overview and Level Annotations

Branches:
Dungeon (3/27)

Altars:
Fedhas
Vehumet
Xom
Yredelemnul

Annotations
D:2 Terence
D:3 Rycklaryybbe's ghost, weakling KoBe


Innate Abilities, Weirdness & Mutations

You are resistant to torment.
You are immune to poison.
Your stone body is very resilient (AC +6).
You have very sharp teeth.
You have razor-sharp toenails.
You resist negative energy.
You are resistant to electric shocks.
You have a slow metabolism.
You can survive without breathing.
You are immune to petrification.


Message History

The magic dart hits Rycklaryybbe's ghost.
Rycklaryybbe's ghost is heavily damaged.
Rycklaryybbe's ghost hits you.
Casting: Magic Dart
Confirm with . or Enter, or press ? or * to list all spells.
Aiming: Magic Dart
Press: ? - help, Shift-Dir - straight line, f/p - Rycklaryybbe's ghost
Aim: Rycklaryybbe's ghost (heavily damaged)
The magic dart hits Rycklaryybbe's ghost.
Rycklaryybbe's ghost is heavily damaged.
Rycklaryybbe's ghost barely misses you.
Casting: Magic Dart
Confirm with . or Enter, or press ? or * to list all spells.
Aiming: Magic Dart
Press: ? - help, Shift-Dir - straight line, f/p - Rycklaryybbe's ghost
Aim: Rycklaryybbe's ghost (heavily damaged)
The magic dart hits Rycklaryybbe's ghost.
Rycklaryybbe's ghost is almost destroyed.
Rycklaryybbe's ghost hits you!
You die...

#..........#
###.######## #.#
#.#############
#..........)....
#######....>###
....#####.###.#
..............#
..#.#####.###@#
#.# #p# #.# #.#
#.# #.# ... ..#
... #.# ... ...
... #.# #.#


You could see Rycklaryybbe's ghost.

Vanquished Creatures
  A gnoll (D:1)
  An adder (D:2)
  A giant mite (D:2)
  A giant gecko (D:1)
  A ball python (D:3)
  4 bats
  2 giant cockroaches (D:1)
  4 goblins
  8 hobgoblins
  2 jackals (D:1)
  2 oozes
  3 giant newts
  4 kobolds
  4 rats
38 creatures vanquished.

Vanquished Creatures (others)
  An ooze (D:3)
1 creature vanquished.

Grand Total: 39 creatures vanquished

Notes
Turn   | Place    | Note
--------------------------------------------------------------
     0 | D:1      | Kellhus, the Gargoyle Wizard, began the quest for the Orb.
     0 | D:1      | Reached XP level 1. HP: 8/8 MP: 5/5
   231 | D:1      | Reached XP level 2. HP: 11/13 MP: 0/7
   672 | D:1      | Reached XP level 3. HP: 17/17 MP: 7/9
   997 | D:2      | Noticed Terence
  1238 | D:2      | Found a basalt altar of Yredelemnul.
  1410 | D:2      | Reached skill level 4 in Conjurations
  1527 | D:2      | Reached XP level 4. HP: 22/22 MP: 11/11
  2055 | D:2      | Found a blossoming altar of Fedhas.
  2120 | D:2      | Found a shimmering altar of Xom.
  2339 | D:3      | Found a radiant altar of Vehumet.
  2350 | D:3      | Became a worshipper of Vehumet
  2351 | D:3      | HP: 1/22 [cloud of flame (21)]
  2709 | D:3      | Noticed Rycklaryybbe's ghost (weakling KoBe)
  2718 | D:3      | Slain by Rycklaryybbe's ghost

Action                   |  1- 3 |  4- 6 || total
-------------------------+-------+-------++-------
Melee: Unarmed           |     3 |       ||     3
 Cast: Magic Dart        |    83 |    39 ||   122
